[Event "*** Titled Tuesday Blitz"]
[Site "Chess.com"]
[Date "2020.04.21"]
[Round "7"]
[White "DraskovicL"]
[Black "PavlovDanila"]
[Result "1-0"]
[WhiteElo "2594"]
[BlackElo "2743"]
[TimeControl "180+1"]
[EndTime "11:24:09 PDT"]
[Termination "DraskovicL won by checkmate"]

1. e4 e6 2. d3 d5 3. Nf3 Nf6 4.
Nbd2 b6 5. g3 Bb7 6. Bg2 dxe4 7.
Ng5 c5 8. Ndxe4 Nc6 9. Nxf6+ gxf6 10. Ne4 f5 11. Nc3 Be7 12. Bh6 Rg8 13. Qd2 Rg6 14. Be3 Qd7 15. O-O-O O-O-O 16. Kb1 Bf6 17. Rhe1 h5 18. h4 Nd4 19. Bxb7+ Qxb7 20. Bxd4 Bxd4 21. Qe2 Bxc3 22. bxc3 Rg4 23. Qe5 Ra4 24. Kb2 Qa6 25. Ra1 Qb5+ 26. Kc1 Qc6 27. Kd2 Qf3 28. Qe2 Qd5 29.
Qxh5 Rd7 30. Qh8+ Kb7 31. Qe5 Qf3 32. Qe2 Qd5 33. h5 Rxa2 34. Rxa2 Qxa2 35. h6 Rd8 36. Qe5 Qa4 37. h7 Qe8 38. Qg7 Rc8 39. Rh1 Qh8 40. Qxf7+ Rc7 41. Qg8 Rc8 42. Qxe6 Rf8 43.
Rh6 Qg7 44. Qg6 Qxg6 45. Rxg6 Rh8 46. Rh6 a5 47. Ke3 a4 48. Kf4 a3 49. Kxf5 a2 50.
Rh1 Rxh7 51. Ra1 Rh2 52. Rxa2 Rxf2+ 53. Kg5 Kc6 54. g4 b5 55. Kh5 Rh2+ 56. Kg6 b4 57.
cxb4 cxb4 58. Ra8 Kb5 59. Rc8 Ka4 60. g5 Rg2 61. Kh6 Kb5 62. g6 Rh2+ 63. Kg7 Rg2 64.
Kf7 Rf2+ 65. Kg8 Rg2 66. g7 Kb6 67. d4 Kb7 68. Rc4 Ka6 69. Rxb4 Rxc2 70. Rb8 Rg2 71. Rf8 Kb7 72. Kf7 Rf2+ 73. Ke7 Re2+ 74. Kd6 Rd2 75. g8=Q Rxd4+ 76. Qd5+ Rxd5+ 77. Kxd5 Kc7 78. Rf6 Kd7 79.
Rf7+ Kd8 80. Rh7 Ke8 81. Kd6 Kf8 82. Ra7 Ke8 83. Rb7 Kf8 84. Ke6 Kg8 85. Kf6 Kh8 86.
Kg6 Kg8 87. Rb8# 1-0

[Event "*** Titled Tuesday Blitz"]
[Site "Chess.com"]
[Date "2020.04.21"]
[Round "7"]
[White "Leonid_Starozhilov"]
[Black "TengisChess"]
[Result "1-0"]
[WhiteElo "2638"]
[BlackElo "2470"]
[TimeControl "180+1"]
[EndTime "11:24:11 PDT"]
[Termination "Leonid_Starozhilov won by checkmate"]

1. e4 c6 2. d3 d5 3. Nd2 g6 4. Ngf3 Bg7 5. d4 Bg4 6. c3 dxe4 7. Nxe4 Nf6 8. h3 Bxf3 9. Qxf3 Nxe4 10. Qxe4 Qd5 11.
Bd3 Qxe4+ 12. Bxe4 Nd7 13. O-O Nf6 14. Bf3 O-O 15.
Re1 e6 16. a4 a5 17. Bg5 Nd5 18. g3 h6 19. Bd2 Rfd8 20. Red1 g5 21. Kg2 Rd7 22.
Bc1 Rad8 23. Rh1 Nf6 24. Be3 Nd5 25. Bc1 f5 26. Ra3 Nb6 27. Re1 Re7 28. g4 f4 29.
Ra1 e5 30. dxe5 Rxe5 31. Rxe5 Bxe5 32. Ra3 Rd7 33. b4 Bd6 34. Rb3 Nxa4 35. bxa5 Nc5 36.
Rb1 Bf8 37. Ba3 Na6 38. Bb4 Bxb4 39. cxb4 Nc7 40. a6 Nxa6 41. b5 Nc5 42. bxc6 bxc6 43.
Rc1 Nd3 44. Ra1 Ne5 45. Be4 Rd4 46. Bf5 c5 47. Ra5 f3+ 48. Kh2 Rd2 49. Kg3 Rd1 50. Kh2 Rc1 51. Ra7 Rf1 52. Kg3 Rg1+ 53. Kh2 Rg2+ 54. Kh1 Rxf2 55. Be4 Re2 56. Bd5+ Kf8 57. Kg1 Rd2 58. Be4 c4 59. Rc7 Rd4 60. Bf5 Rd2 61.
Be6 f2+ 62. Kf1 Nf3 63. Rf7+ Ke8 64. Rxf3 Rc2 65. Bf5 Rc1+ 66. Kxf2 c3 67. Kg2 Ke7 68. Rf2 Kd6 69. Rc2 Rd1 70. Rxc3 Ke5 71. Rf3 Rd2+ 72. Rf2 Rd1 73. Re2+ Kf6 74. Re6+ Kg7 75. Rg6+ Kf7 76.
Rxh6 Rd2+ 77. Kf3 Rh2 78. Ke4 Kg7 79. Rg6+ Kf7 80. Rxg5 Rxh3 81. Kf4 Ra3 82. Rh5 Kg7 83. Kg5 Kg8 84. Rh1 Ra8 85. Rb1 Rd8 86. Kf6 Kf8 87.
g5 Rd6+ 88. Be6 Rd8 89. g6 Ke8 90. g7 Rd1 91. g8=Q# 1-0

[Event "*** Titled Tuesday Blitz"]
[Site "Chess.com"]
[Date "2020.04.21"]
[Round "7"]
[White "nihalsarin"]
[Black "fabianvivasz"]
[Result "0-1"]
[WhiteElo "3000"]
[BlackElo "2401"]
[TimeControl "180+1"]
[EndTime "11:24:12 PDT"]
[Termination "fabianvivasz won by resignation"]

1. h4 e5 2. h5 d5 3. h6 Nxh6 4. d4 exd4 5. Bxh6 gxh6 6. Qxd4 Rg8 7. g3 Nc6 8. Qd3 Qf6 9. Nc3 Be6 10. O-O-O O-O-O 11. Nh3 Qf5 12. Nf4 d4 13. Nxe6 Qxd3 14. exd3 fxe6 15. Ne4 Rg6 16. Re1 Re8 17. Be2 Rd8 18. Bh5 Rg7 19. Bd1 Re7 20. Bg4 Kb8 21. f4 Bg7 22.
Rh5 b6 23. Bf3 Nb4 24. a3 Nd5 25. Nf2 Ne3 26. Ng4 Nxg4 27. Bxg4 Rde8 28. Rh2 Kc8 29. Re4 Kd7 30. Kd2 Kd6 31. Rhe2 c5 32. Bh5 Rf8 33. Bg4 e5 34. f5 h5 35. Bh3 Bh6+ 36. Kd1 Be3 37. Rh4 Rg7 38. Rg2 Rfg8 39. Rxh5 Rxg3 40.
Rxg3 Rxg3 41. f6 Rf3 42. Bf5 h6 43. c4 Rf2 44. b4 Bg5 45. Be4 Rxf6 46. bxc5+ bxc5 47.
Rh2 Be3 48. Kc2 Rf2+ 49. Rxf2 Bxf2 50. Bf3 Ke6 51. Kd2 Kf5 52. Ke2 Be3 53. Bd5 Kg4 54. Kf1 Kg3 55. Bc6 h5 56. a4 h4 57.
Be4 a5 58. Bd5 h3 59. Be4 Bf4 60. Bd5 Be3 61. Be4 Bf4 62. Bd5 Bg5 63. Be4 Bh4 64. Kg1 Bg5 65. Kh1 Bf4 66. Bh7 Kf2 67. Be4 Ke3 68. Bg6 Kd2 69. Be4 Kc3 70. Kg1 Kb4 71. Bc6 Kc3 72. Be4 Kb3 73. Bc6 h2+ 74. Kh1 Kc2 75.
Be4 Kc3 76. Kg2 Kb3 77. Bc6 e4 78. Bxe4 Kxa4 79. Kh3 Kb3 80. Kg4 Bc7 81. Kf5 a4 82. Ke6 a3 83. Kd7 Bf4 0-1

[Event "*** Titled Tuesday Blitz"]
[Site "Chess.com"]
[Date "2020.04.21"]
[Round "7"]
[White "Grischuk"]
[Black "HomayoonTofighi"]
[Result "1-0"]
[WhiteElo "3101"]
[BlackElo "2926"]
[TimeControl "180+1"]
[EndTime "11:24:14 PDT"]
[Termination "Grischuk won by resignation"]

1. Nf3 Nf6 2. g3 e6 3. Bg2 d5 4. O-O Be7 5. c4 O-O 6. d3 dxc4 7. dxc4 Qxd1 8. Rxd1 Nc6 9. Bf4 Bd8 10. Nc3 a6 11. a3 Re8 12. h3 e5 13. Be3 Be6 14. Nd2 Rb8 15. Nd5 Nd4 16. Bxd4 exd4 17. Nf4 Bf5 18. Kf1 c5 19. b4 b6 20. Nd3 Be7 21. Nb3 Be6 22.
Rdc1 Rec8 23. Ne5 Rc7 24. Rab1 Rbc8 25. bxc5 bxc5 26. Na5 Nd7 27. Nd3 g6 28. Nf4 Bf5 29.
Rb3 Nf6 30. g4 Bd6 31. Nd3 Be4 32. Rb6 Be7 33. Rxa6 Rb8 34. Nc6 Bxc6 35. Bxc6 h5 36. g5 Nd7 37. Bxd7 Rxd7 38. h4 Rdb7 39. a4 Rb3 40. a5 Rc3 41. Rb6 Rxb6 42. axb6 Rb3 43. Ra1 Rxb6 44. Ra7 Re6 45. Rc7 Bd6 46. Rc8+ Kg7 47. f4 Re3 48. Kf2 Rh3 49. Rc6 Bf8 50. Ne5 Kg8 51. Rc8 Kg7 52. Rc7 Rxh4 53. Kg3 Rh1 54.
Rxf7+ Kg8 55. Rf6 h4+ 56. Kg2 Re1 57. Rxg6+ Kh7 58. Rf6 Bg7 59. Rf7 Rxe2+ 60. Kh3 Kg8 61. Rd7 Bxe5 62. fxe5 Rxe5 63. Kxh4 Re6 64. Kh5 Ra6 65.
Rd5 Kf7 66. Rxc5 Rd6 67. g6+ Kg7 68. Rc7+ Kf6 69. Rf7+ Ke6 70. Rf1 d3 71. g7 Rd8 72.
Rf8 Rd4 73. g8=Q+ Kd6 74. Rd8+ Kc5 75. Rxd4 1-0

[Event "*** Titled Tuesday Blitz"]
[Site "Chess.com"]
[Date "2020.04.21"]
[Round "7"]
[White "Vuk2000"]
[Black "SPEEDSKATER"]
[Result "1-0"]
[WhiteElo "2633"]
[BlackElo "2777"]
[TimeControl "180+1"]
[EndTime "11:24:25 PDT"]
[Termination "Vuk2000 won by resignation"]

1. d4 d5 2. Nf3 Nf6 3. Bf4 c5 4. c3 Nc6 5. e3 Qb6 6. Qb3 c4 7. Qc2 Bf5 8. Qc1 e6 9. Be2 Be7 10. h3 h6 11. Nbd2 Qd8 12. Ne5 Nxe5 13. Bxe5 O-O 14. O-O b5 15. f3 Bg6 16. Bd1 Nd7 17. Bg3 Nf6 18. Bc2 Bxc2 19. Qxc2 Bd6 20. Bxd6 Qxd6 21.
e4 e5 22. dxe5 Qxe5 23. f4 Qe7 24. e5 Nh5 25. Rf3 Qh4 26. Qf5 g6 27. Qg4 Qxg4 28.
hxg4 Ng7 29. Rd1 Rad8 30. Nf1 f6 31. Ne3 fxe5 32. fxe5 Rfe8 33. Nxd5 Kh8 34. Rd4 Rxe5 35. Nf4 Rxd4 36. Nxg6+ Kh7 37. Nxe5 Rd2 38. Rf2 Rd1+ 39.
Kh2 Kg8 40. Nc6 Ne6 41. Nxa7 Rd5 42. Nc6 Kg7 43. Ne7 Rd3 44. Nf5+ Kg6 45. g3 Ng5 46. Re2 Kf6 47. Nxh6 Nf3+ 48. Kg2 Ng5 49. Nf5 Rd8 50. Nd4 Rd5 51. a3 Nf7 52. Nf3 Rd3 53. g5+ Kf5 54. Rf2 Kg6 55. Nh4+ Kg7 56. Nf5+ Kg6 57.
Ne7+ Kg7 58. Nf5+ Kg6 59. Nh4+ Kg7 60. g6 Ne5 61. Re2 Nxg6 62. Nxg6 Kxg6 63. Kh3 Kf5 64. Kh4 Rd8 65. Rf2+ Kg6 66. g4 Rd3 67. Re2 Kf6 68. Rf2+ Kg6 69. Rf5 Rd1 70. Rxb5 Rh1+ 71. Kg3 Rg1+ 72.
Kf4 Rf1+ 73. Ke4 Rg1 74. Kd5 Rxg4 75. Rb4 Kf6 76. Rxc4 Rg5+ 77. Kd4 Ke7 78. Rb4 Kd6 79. Kc4 Kc6 80. Kb3 Rg1 81. a4 Kc7 82. Rb5 Rg4 83.
Ka3 Kc6 84. b3 Rg1 85. c4 Rf1 86. Kb4 Rg1 87. a5 Rf1 88. Rb6+ Kc7 89. Kb5 Rb1 90. b4 Rh1 91. a6 Ra1 92. Rb7+ Kc8 93. c5 1-0

[Event "*** Titled Tuesday Blitz"]
[Site "Chess.com"]
[Date "2020.04.21"]
[Round "7"]
[White "mirochka"]
[Black "Egorov_Pavel"]
[Result "1/2-1/2"]
[WhiteElo "2182"]
[BlackElo "2352"]
[TimeControl "180+1"]
[EndTime "11:24:25 PDT"]
[Termination "Game drawn - insufficient material"]

1. e4 Nf6 2. e5 Nd5 3. d4 d6 4.
Nf3 g6 5. Be2 Bg7 6. O-O O-O 7.
c4 Nb6 8. b3 Nc6 9. Bb2 dxe5 10. dxe5 Qxd1 11. Bxd1 Bg4 12. Nbd2 Rad8 13. Re1 e6 14. h3 Bf5 15. Nf1 Nd7 16. g4 Bd3 17. Ng3 f6 18. Re3 Ndxe5 19. Nxe5 fxe5 20. Bf3 Rxf3 21. Rxf3 e4 22. Bxg7 exf3 23. Bf6 Rf8 24. g5 e5 25. Re1 Re8 26. Ne4 Bxe4 27. Rxe4 Kf7 28. Kh2 Re6 29. Kg3 Nd4 30. Bxe5 Nc6 31. Rf4+ Ke7 32. Bf6+ Kd7 33. Rxf3 Nb4 34. a3 Nc2 35. Rd3+ Kc6 36. b4 a5 37. Rc3 Ne1 38. Re3 Rxe3+ 39.
fxe3 Nc2 40. Bc3 Nxa3 41. bxa5 Nxc4 42. Kf4 Kb5 43. e4 Nxa5 44. Bxa5 Kxa5 45. Ke5 b5 46. Kd4 b4 47. e5 Kb5 48. Kd5 b3 49. e6 b2 50. e7 c6+ 51. Kd6 b1=Q 52. e8=Q Qd3+ 53. Kc7 Qg3+ 54. Kb7 Qxg5 55. Qxc6+ Kb4 56. Qd6+ Qc5 57. Qf4+ Qc4 58. Qf8+ Kc3 59. Qf3+ Qd3 60. Qc6+ Kd2 61. Qg2+ Ke1 62. Qg1+ Kd2 63. Qf2+ Qe2 64. Qd4+ Ke1 65.
Qb4+ Qd2 66. Qe4+ Kd1 67. Qg4+ Kc1 68. Qc4+ Kb1 69. Qe4+ Qc2 70. Qe1+ Qc1 71. Qe4+ Ka1 72. Qd4+ Qb2+ 73. Qxb2+ Kxb2 74. Kc6 g5 75. Kd5 h5 76. Ke4 Kc3 77. Kf5 g4 78. hxg4 hxg4 79. Kxg4 1/2-1/2

[Event "*** Titled Tuesday Blitz"]
[Site "Chess.com"]
[Date "2020.04.21"]
[Round "7"]
[White "BogdanDeac"]
[Black "manitodeplomo"]
[Result "1/2-1/2"]
[WhiteElo "2905"]
[BlackElo "2622"]
[TimeControl "180+1"]
[EndTime "11:24:27 PDT"]
[Termination "Game drawn by repetition"]

1. Nf3 h6 2. e4 e6 3. d4 d5 4. Nc3 Bb4 5. Bd3 Ne7 6. O-O O-O 7. a3 Bxc3 8. bxc3 c5 9. exd5 exd5 10. dxc5 Nd7 11.
Be3 Qa5 12. Re1 Nxc5 13. Bxh6 Nf5 14. Bf4 Qxc3 15. Bxf5 Bxf5 16. Qxd5 Be4 17. Qd4 Qxd4 18. Nxd4 Rfc8 19. f3 Bg6 20. Re7 b6 21. Rae1 Na4 22. Nb5 Bxc2 23. Nxa7 Rc4 24. Be3 Rc3 25. Nb5 Rb3 26.
Nd4 Rb2 27. Bc1 Ra2 28. R7e2 Rc8 29. Be3 Rc4 30. Bf2 Nc5 31. Rc1 Nd3 32. Rexc2 Rcxc2 33. Nxc2 Nxc1 34. Nb4 Ra1 35. g4 Nd3+ 36. Kg2 Rxa3 37. Nxd3 Rxd3 38. Bxb6 f5 39. gxf5 Rd5 40. Kg3 Rxf5 41.
Be3 Rb5 42. h4 Kf7 43. Kg4 Kg6 44. Bg5 Kf7 45. h5 Rb1 46. f4 Rg1+ 47. Kf5 Rb1 48. h6 Rb5+ 49. Ke4 gxh6 50. Bxh6 Ke6 51. Bg5 Rb4+ 52. Ke3 Kf5 53. Kd2 Ke4 54. Kc3 Rb7 55. Kc4 Rc7+ 56. Kb5 Rc2 57. Kb6 Kd5 58. Kb7 Rb2+ 59.
Kc7 Ke6 60. Kd8 Rc2 61. Bh6 Rc4 62. Bg5 Rd4+ 63. Ke8 Rc4 64. Kf8 Kf5 65. Kg7 Rc6 66. Kf7 Rg6 67. Ke7 Ra6 68. Kd7 Ra1 69. Kd6 Re1 70.
Kd7 Re4 71. Kd6 Re2 72. Kd7 Kg6 73. Kd6 Kf5 74. Kd7 Rd2+ 75. Ke7 Rd5 76. Ke8 Rb5 77. Ke7 Rb6 78. Kd7 Ra6 79. Ke7 Rc6 80. Kd7 Rc2 81. Ke7 Kg6 82. Ke6 Re2+ 83. Kd7 Kf7 84. Kd6 Re6+ 85.
Kd5 Re8 86. Kd4 Kg6 87. Kd5 Kf5 88. Kd6 Rb8 89. Kd7 Ra8 90. Kd6 Ra2 91. Kd7 Rd2+ 92. Ke7 Re2+ 93. Kd7 1/2-1/2

[Event "*** Titled Tuesday Blitz"]
[Site "Chess.com"]
[Date "2020.04.21"]
[Round "7"]
[White "Shivagami"]
[Black "petincash"]
[Result "0-1"]
[WhiteElo "2158"]
[BlackElo "2341"]
[TimeControl "180+1"]
[EndTime "11:24:36 PDT"]
[Termination "petincash won on time"]

1. d4 Nf6 2. Bf4 g6 3. e3 Bg7 4.
Nf3 d6 5. Be2 O-O 6. O-O c5 7.
c3 Qb6 8. Nbd2 cxd4 9. Nc4 Qd8 10. exd4 b5 11. Ne3 Qb6 12. Qb3 a6 13. a4 Nbd7 14. axb5 Rb8 15. Nc4 Qxb5 16. Qxb5 axb5 17. Na5 Nd5 18. Bg3 N7f6 19. Nd2 Bd7 20. Bf3 Rfc8 21. Rfe1 Kf8 22. Ne4 Nxe4 23. Bxe4 Be6 24. f4 Bh6 25. Rf1 f5 26. Bd3 Kf7 27. h3 Nf6 28. Rfe1 Bd5 29. Bh2 Ne4 30. Bxe4 Bxe4 31. g4 Bg7 32. Kf2 Bf6 33.
Bg3 Bd5 34. g5 Bg7 35. Re3 h6 36. b3 e6 37. gxh6 Bxh6 38. Rc1 Bg7 39. Rd3 Rc7 40.
c4 bxc4 41. bxc4 Rbc8 42. Ke3 Bxc4 43. Rdc3 d5 44. Nxc4 Rxc4 45. Kd3 Rxc3+ 46. Rxc3 Rxc3+ 47. Kxc3 Ke7 48. Bf2 Kd7 49. Kb4 Kc6 50. Be3 Bf8+ 51. Kc3 Bd6 52. h4 Kb5 53. Bd2 Be7 54. Be3 Bxh4 55. Kd3 Bf6 56. Bc1 Kb4 57. Bd2+ Kb3 58. Ba5 Be7 59. Bc7 Ba3 60. Bd8 Bc1 61. Bg5 Kb2 62.
Bh6 Kb3 63. Bg5 Ba3 64. Bf6 Bd6 65. Bg5 Kb2 66. Kd2 Bb4+ 67. Kd3 Kc1 68. Bf6 Kd1 69.
Be5 Ke1 70. Ke3 Kf1 71. Kf3 Bd2 72. Bd6 Bc1 73. Be5 Bb2 74. Bf6 Kg1 75. Kg3 Kh1 76.
Kh3 Kg1 77. Kg3 Kf1 78. Kf3 Bc1 79. Be5 Ke1 80. Bd6 Kd2 0-1

[Event "*** Titled Tuesday Blitz"]
[Site "Chess.com"]
[Date "2020.04.21"]
[Round "7"]
[White "Gyapiking"]
[Black "AshotParvanyan"]
[Result "0-1"]
[WhiteElo "2346"]
[BlackElo "2516"]
[TimeControl "180+1"]
[EndTime "11:24:39 PDT"]
[Termination "AshotParvanyan won on time"]

1. c4 Nf6 2. g3 g6 3. Bg2 Bg7 4. Nc3 O-O 5. e4 d6 6. Nge2 c5 7. d3 Nc6 8. O-O a6 9. h3 Rb8 10. a4 Ne8 11. Be3 b5 12. axb5 axb5 13. Nxb5 Nc7 14.
d4 Nxb5 15. cxb5 Rxb5 16. dxc5 dxc5 17. Rc1 Nd4 18. Nf4 Bb7 19. Nd3 Nb3 20. Rc2 Qb6 21. Nf4 Rd8 22. Nd5 Bxd5 23. exd5 Nd4 24. Bxd4 Bxd4 25.
Re2 Qf6 26. Qe1 Rxb2 27. Rxb2 Bxb2 28. Qe2 Bd4 29. Kh2 Rb8 30. Qf3 Qxf3 31. Bxf3 Rb2 32. Kg2 c4 33. Be4 c3 34. g4 Rd2 35. Kg3 Kg7 36.
f4 Kf6 37. g5+ Kg7 38. Rc1 f5 39. gxf6+ Kxf6 40. Rc2 Rd1 41. Re2 Rg1+ 42. Kh2 Ra1 43. Bc2 Ra2 44. Kg2 Ra1 45. Kf3 Rf1+ 46. Kg2 Rg1+ 47.
Kf3 Rh1 48. Kg2 Rc1 49. Kf3 Kg7 50. Rxe7+ Kf6 51. Re2 Rf1+ 52. Kg2 Rxf4 53. d6 Be5 54. d7 Rd4 55. Ba4 Rd6 56. Rf2+ Ke7 57. Re2 Rd2 58. Rxd2 cxd2 59. Kf3 Bc3 60. Ke2 Ba5 61. Bb5 Kf6 62.
Ba4 Kg5 63. Bb3 Kh4 64. Be6 Kg3 65. Kd1 g5 66. Bf5 h5 67. Be6 Kf4 68. Bf7 g4 69.
hxg4 hxg4 70. Bd5 g3 71. Bc6 Ke3 72. Bd5 Bd8 73. Bc6 Kd3 74. Bd5 Kc3 75. Bc6 Bg5 76.
Bd5 Kd4 77. Bc6 Ke3 78. Bb7 Kd4 79. Bc6 Kc5 80. Bb7 Kb6 81. Bg2 Kc7 82. Bh3 Kd8 83. Ke2 Ke7 84. Kd1 Bf4 85. Ke2 Bc7 86. Kd1 Ba5 87. Ke2 Kf6 88. Kd1 Ke5 89. Ke2 Kf4 90. Kd1 Kg5 91. Ke2 Kf4 92. Kd1 Kf3 93. d8=Q Bxd8 94. Kxd2 Ba5+ 95. Kd1 Kf2 0-1

[Event "*** Titled Tuesday Blitz"]
[Site "Chess.com"]
[Date "2020.04.21"]
[Round "7"]
[White "yavrukurt40"]
[Black "albi1999"]
[Result "1/2-1/2"]
[WhiteElo "2774"]
[BlackElo "2608"]
[TimeControl "180+1"]
[EndTime "11:24:41 PDT"]
[Termination "Game drawn - insufficient material"]

1. e4 e5 2. Nf3 Nc6 3. Nc3 Nf6 4.
Bb5 Bd6 5. g4 Nxg4 6. Rg1 Nf6 7.
Rxg7 Nd4 8. Bc4 Ne6 9. Rg1 c6 10.
d4 exd4 11. Nxd4 Nxd4 12. Qxd4 Qe7 13. Rg7 Rf8 14. Bg5 Be5 15. Qd3 d5 16. Bb3 dxe4 17.
Nxe4 Bf5 18. f3 Rd8 19. Qe3 Bxe4 20. fxe4 Bxb2 21. Rb1 Qe5 22. Bf4 Qc3+ 23. Ke2 Qxe3+ 24. Bxe3 Bd4 25. Bg5 Nxe4 26. Bxf7+ Rxf7 27. Rg8+ Rf8 28. Rxf8+ Kxf8 29. Bxd8 Nc3+ 30. Kd3 Nxb1 31. Kxd4 Nd2 32. Kc5 Ke8 33. Bc7 Kd7 34. Bf4 Ne4+ 35. Kd4 Nd6 36.
Ke5 Nb5 37. Kf5 Nc3 38. Kg5 Nxa2 39. Kh6 b5 40. Kxh7 a5 41. h4 b4 42. Be5 Nc3 43.
h5 a4 44. h6 a3 45. Kg8 a2 46. h7 a1=Q 47. h8=Q Qa8+ 48. Kf7 Qxh8 49. Bxh8 Kd6 50. Kf6 Kd5 51. Kf5 Kc4 52. Kf4 Nb5 53. Ke3 c5 54. Kd2 Nd4 55. Bf6 Nc6 56. Bg7 Kd5 57. Kd3 c4+ 58.
Ke3 Ne7 59. Bh8 Nf5+ 60. Kd2 Nd6 61. Bg7 Ne4+ 62. Ke3 Nc5 63. Bd4 Ne6 64. Bf6 Nc7 65. Kd2 Nb5 66. Bh8 Kc5 67. Bf6 Kb6 68. Be7 Ka5 69. Kc1 Ka4 70. Kd2 Ka3 71. Bf8 Nd4 72. c3 Nf3+ 73. Ke3 Ne5 74. Bxb4+ Kb3 75. Bc5 Nc6 76.
Bd4 Ne7 77. Be5 Nd5+ 78. Kd2 Nxc3 79. Bd4 Nb5 80. Be5 Na7 81. Bc3 Nc6 82. Bf6 Kb4 83.
Bh8 Kc5 84. Bc3 Nd4 85. Bb2 Nb5 86. Bc3 Nc7 87. Bh8 Nd5 88. Kc2 Kb4 89. Kd2 Kb3 90.
Kc1 Nb4 91. Bg7 Na2+ 92. Kd2 Nc3 93. Bxc3 Ka4 94. Ke3 Kb3 95. Kd4 Ka4 96. Kxc4 1/2-1/2

[Event "*** Titled Tuesday Blitz"]
[Site "Chess.com"]
[Date "2020.04.21"]
[Round "7"]
[White "wonderfultime"]
[Black "stefan_95"]
[Result "1-0"]
[WhiteElo "2915"]
[BlackElo "2659"]
[TimeControl "180+1"]
[EndTime "11:24:42 PDT"]
[Termination "wonderfultime won by resignation"]

1. d4 Nf6 2. Nf3 e6 3. Bf4 c5 4. c3 b6 5. e3 Bb7 6. Nbd2 cxd4 7. cxd4 Be7 8. Bd3 O-O 9. O-O d6 10. h3 Re8 11. Bh2 Nbd7 12. Rc1 Bf8 13. Qe2 a6 14. a4 e5 15. dxe5 dxe5 16. Bc4 h6 17. e4 Qe7 18. Nh4 Qb4 19. b3 Nc5 20.
Ndf3 Ncxe4 21. Nxe5 Nd6 22. Qe1 Nxc4 23. Qxb4 Bxb4 24.
Nxc4 Rad8 25. Nf5 Ne4 26. Bc7 Rd3 27. Bxb6 Nc3 28. Kh2 Re6 29. a5 Ne2 30. Rcd1 Rxb3 31.
Rd8+ Kh7 32. Rd7 Bc6 33. Rc7 Nf4 34. Nce3 Rg6 35. g3 Nd5 36. Rxf7 Nxb6 37. axb6 Bc5 38.
Rc7 Bxb6 39. Re7 a5 40. Ng4 Rb2 41. Rfe1 h5 42. R1e6 hxg4 43. hxg4 Rxf2+ 44. Kh3 Rxe6 45. Rxe6 Rc2 46. Re7 Kg6 47. Rxg7+ Kf6 48. Rh7 a4 49. Rh6+ Ke5 50. Ne7 Bg2+ 51. Kh4 Be3 52. Ra6 Ra2 53. Ng6+ Kd4 54. Nf4 Ke4 55. Nxg2 Rxg2 56. Rxa4+ Kf3 57. Kh5 Rxg3 58. g5 Rxg5+ 59. Kh4 Ra5 60. Rxa5 Bf4 61. Kh5 Ke4 62. Ra8 Be5 63. Re8 Kf5 64. Rf8+ Ke6 65. Kg6 Bd6 66. Rf1 Kd7 67. Kf5 Kc6 68. Ke6 Bc7 69. Rc1+ Kb7 70. Kd7 Bb8 71. Rb1+ Ka8 72.
Kc8 Ba7 73. Rb2 Bc5 74. Kc7 Ba7 75. Kc6 Bb8 76. Ra2+ Ba7 77. Re2 Bb8 78. Re8 Ka7 79. Rg8 Ka8 80. Rg7 Ba7 81. Kb5 Bb8 82. Kb6 Be5 83. Re7 Bb8 84. Rd7 Be5 85. Rf7 Bb8 86. Rh7 Be5 87. Ka6 Bb8 88. Kb6 Be5 89. Ra7+ Kb8 90.
Re7 Bd4+ 91. Kc6 Ka8 92. Re8+ Ka7 93. Re4 Bf6 94. Ra4+ Kb8 95. Kd7 Bd4 96. Rxd4 1-0

[Event "*** Titled Tuesday Blitz"]
[Site "Chess.com"]
[Date "2020.04.21"]
[Round "7"]
[White "DanielTitichoca"]
[Black "Cubitas"]
[Result "0-1"]
[WhiteElo "2333"]
[BlackElo "2512"]
[TimeControl "180+1"]
[EndTime "11:24:46 PDT"]
[Termination "Cubitas won by checkmate"]

1. e4 c5 2. Nf3 Nc6 3. d4 cxd4 4.
Nxd4 e5 5. Nb5 d6 6. N1c3 a6 7.
Na3 Be6 8. Nd5 Be7 9. Nc4 Nf6 10.
Nxe7 Kxe7 11. Bg5 d5 12. exd5 Qxd5 13. Qxd5 Bxd5 14. Nb6 Rad8 15. Nxd5+ Rxd5 16. Bc4 Rd4 17. Bb3 Rg4 18. Bxf6+ Kxf6 19. g3 Rd8 20. O-O Rd2 21. Rfd1 Rgd4 22. c3 Rd7 23. Kf1 e4 24. Ke1 Ne5 25.
Rxd2 Nf3+ 26. Ke2 Rxd2+ 27. Ke3 Ke5 28. h4 f5 29. Rd1 Rxb2 30. Rd5+ Kf6 31. Rd6+ Ke7 32.
Rb6 h6 33. Rxb7+ Kf6 34. h5 Ne5 35. Rb6+ Kg5 36. Rxa6 Ng4+ 37. Kd4 Rd2+ 38. Kc5 Rxf2 39. Bf7 Ne5 40. Be8 f4 41. gxf4+ Kxf4 42. Kd5 Rd2+ 43. Ke6 e3 44. Ra4+ Kf3 45. Kxe5 e2 46.
Bc6+ Kf2 47. Rf4+ Kg1 48. Re4 Kf2 49. Rf4+ Kg1 50. Re4 Kf2 51. Kf5 e1=Q 52. Rxe1 Kxe1 53. c4 Rxa2 54. Bd5 Rh2 55. Kg6 Kf2 56. Kxg7 Ke3 57. Kxh6 Kf4 58. Kg6 Rh3 59. h6 Rg3+ 60. Kf7 Rh3 61.
Ke7 Rxh6 62. c5 Ke5 63. Bb7 Rh7+ 64. Kd8 Rxb7 65. c6 Rb8+ 66. Kc7 Rh8 67. Kd7 Kd5 68. c7 Rh7+ 69. Kd8 Kd6 70. c8=N+ Ke6 71. Nb6 Rb7 72. Nc8 Rd7+ 73. Ke8 Rc7 74. Kd8 Rd7+ 75. Ke8 Rh7 76. Kd8 Kd5 77. Ne7+ Kd6 78. Nc8+ Kc6 79. Ne7+ Kb7 80.
Nc8 Rh8+ 81. Kd7 Rxc8 82. Kd6 Rc7 83. Kd5 Rc6 84. Kd4 Kc7 85. Kd3 Kd6 86. Kd4 Rc5 87.
Kd3 Rh5 88. Ke3 Ke5 89. Kf3 Kf5 90. Kg2 Rh4 91. Kg3 Ra4 92. Kf3 Ra3+ 93. Ke2 Ke4 94.
Kf2 Rb3 95. Kg2 Kf4 96. Kf2 Rb2+ 97. Ke1 Ke3 98. Kd1 Rh2 99. Kc1 Kd3 100. Kb1 Kc3 101. Ka1 Kb3 102. Kb1 Rh1# 0-1

[Event "*** Titled Tuesday Blitz"]
[Site "Chess.com"]
[Date "2020.04.21"]
[Round "7"]
[White "MPGM"]
[Black "2nd_life"]
[Result "1/2-1/2"]
[WhiteElo "2539"]
[BlackElo "2408"]
[TimeControl "180+1"]
[EndTime "11:24:57 PDT"]
[Termination "Game drawn by repetition"]

1. d4 Nf6 2. Nf3 e6 3. Bg5 h6 4.
Bh4 c5 5. e3 b6 6. Nbd2 Bb7 7.
Bd3 Be7 8. O-O O-O 9. c3 cxd4 10. exd4 d6 11. Re1 Nbd7 12. Qe2 a6 13. a4 Re8 14. h3 Nh5 15. Bxe7 Qxe7 16. Qe3 Ndf6 17. c4 Nd7 18. b4 a5 19. b5 Nhf6 20. Rac1 Rac8 21.
Ne4 Bxe4 22. Bxe4 Nxe4 23. Qxe4 Nf6 24. Qe3 Nd7 25. Rc3 Rc7 26. Nd2 Rec8 27. d5 e5 28. f4 f5 29. fxe5 Qxe5 30. Qxe5 Nxe5 31. Rce3 g6 32.
Rxe5 dxe5 33. Rxe5 Kf7 34. Re6 Rxc4 35. Nxc4 Rxc4 36. Rxb6 Rxa4 37. Rb7+ Kf6 38. d6 Rb4 39. d7 Ke7 40. Kh2 f4 41. Rb6 Kxd7 42. Rxg6 Rxb5 43. Rxh6 Kc7 44. Rf6 Rb4 45. h4 a4 46. h5 Rb5 47. h6 a3 48. Rxf4 Rh5+ 49. Kg3 Rxh6 50. Ra4 Rg6+ 51. Kh2 Kd7 52. Rxa3 Ke7 53. Kh3 Kf7 54. Ra4 Re6 55. Rf4+ Kg7 56. Rg4+ Kh6 57. Kh4 Kh7 58. Rf4 Kh8 59. Kg3 Re8 60. Rf5 Ra8 61. Kg4 Rb8 62. g3 Ra8 63. Kh4 Rb8 64. g4 Ra8 65. Kh5 Rb8 66. g5 Ra8 67. Kh6 Rb8 68.
Rf7 Ra8 69. Rf6 Rb8 70. Re6 Ra8 71. Re7 Rb8 72. Rd7 Ra8 73. Rc7 Rb8 74. Rh7+ Kg8 75. Rg7+ Kh8 76. Ra7 Rc8 77. Rd7 Rb8 78. Re7 Rb6+ 79.
g6 Rb8 80. Rh7+ Kg8 81. Rd7 Kh8 82. Rd6 Kg8 83. Rd5 Kh8 84. Rd1 Kg8 85. Rh1 Kh8 86. Kg5+ Kg8 87. Rh7 Rb5+ 88. Kh6 Rb8 89. Rd7 Ra8 90.
Rd6 Rb8 91. g7 Ra8 92. Kg6 Ra6 93. Rf6 Ra8 94. Kh6 Rb8 95. Kg6 Rb6 96. Kg5 Rb5+ 97. Kh6 Rb8 98. Re6 Rc8 99. Rd6 Rb8 100. Rf6 Rc8 101. Re6 Rb8 102. Rc6 Ra8 103. Rb6 Rc8 104. Rd6 Ra8 105.
Rc6 Rb8 106. Ra6 Rc8 107. Rd6 1/2-1/2

[Event "*** Titled Tuesday Blitz"]
[Site "Chess.com"]
[Date "2020.04.21"]
[Round "7"]
[White "Parhamov"]
[Black "rpragchess"]
[Result "0-1"]
[WhiteElo "3033"]
[BlackElo "2794"]
[TimeControl "180+1"]
[EndTime "11:24:58 PDT"]
[Termination "rpragchess won on time"]

1. e4 c5 2. Nf3 e6 3. d4 cxd4 4.
Nxd4 a6 5. Nc3 Qc7 6. g3 Bb4 7. Ne2 Nf6 8. Bg2 O-O 9. O-O Be7 10. a4 d6 11. h3 Nc6 12. g4 b6 13. g5 Nd7 14.
Ng3 Bb7 15. f4 b5 16. Be3 Na5 17. Rb1 Nc4 18. Bd4 e5 19. Nf5 Rae8 20. Bf2 exf4 21.
axb5 Bxg5 22. bxa6 Bxa6 23. Nd5 Qb8 24. Qg4 h6 25. h4 Nce5 26. Qh3 Bxf1 27. Rxf1 Bd8 28.
Nxf4 Bb6 29. Qg3 g6 30. Bxb6 Qxb6+ 31. Kh1 Kh7 32. Nd5 Qxb2 33. Bh3 Qxc2 34. Nxd6 Rb8 35. Rf2 Rb1+ 36. Kh2 Qd1 37. Rf1 Qe2+ 38. Rf2 Qe1 39. Qg2 Nc5 40. h5 Ncd3 41. hxg6+ Nxg6 42. Nf6+ Kh8 43.
Rf1 Qxf1 44. Qxf1 Rxf1 45. Bxf1 Nde5 46. Kg3 Rd8 47. Nf5 Rd1 48. Be2 Rg1+ 49. Kf2 Rh1 50. Kg3 Rg1+ 51. Kf2 Ra1 52. Kg3 Ra2 53. Bd1 Ra3+ 54.
Kf2 Nf4 55. Nxh6 Kg7 56. Nhg4 Nxg4+ 57. Nxg4 Nh3+ 58. Kg2 Ng5 59. e5 Ne4 60. Bf3 Ra2+ 61.
Kg1 Ng5 62. Bd5 Nh3+ 63. Kh1 Rd2 64. Ne3 Nf4 65. Bc4 Kf8 66. Kg1 Nh3+ 67. Kf1 Ng5 68. Ke1 Nf3+ 69. Kf1 Nxe5 70. Be2 Rd4 71. Ng2 Ng6 72.
Ne1 Nf4 73. Bf3 Rb4 74. Kf2 Rb2+ 75. Ke3 Ne6 76. Nd3 Rb6 77. Bd5 Rd6 78. Ke4 Ke7 79. Nb4 Rb6 80. Nc2 Nc7 81. Bc4 Rc6 82. Ne3 Ne6 83. Bd5 Rc1 84. Nf5+ Kf6 85. Ne3 Re1 86. Kf3 Ke5 87. Ba2 f5 88. Kf2 Ra1 89. Bc4 Nc5 90.
Be2 Ne4+ 91. Kf3 Ra3 0-1